 Dungeon Crawl Stone Soup version 0.19.1 (webtiles) character file.

132 truemonolith the Cutter (level 5, 0/52 HPs)
             Began as a Halfling Berserker on Nov 28, 2016.
             Was a Believer of Trog.
             Succumbed to a scorpion's poison
             ... on level 3 of the Dungeon.
             The game lasted 00:05:15 (3103 turns).

truemonolith the Cutter (Halfling Berserker)        Turns: 3103, Time: 00:05:15

Health: 0/52       AC:  5    Str: 23    XL:     5   Next: 38%
Magic:  5/5        EV: 20    Int:  5    God:    Trog [**....]
Gold:   92         SH:  0    Dex: 20    Spells: 0 memorised, 4 levels left

rFire  . . .     SeeInvis .     a - +1 short sword
rCold  . . .     Gourm    .     b - +0 animal skin
rNeg   . . .     Faith    .     (shield restricted)
rPois  .         Spirit   .     (no helmet)
rElec  .         Reflect  .     (no cloak)
rCorr  .         Harm     .     i - +2 pair of gloves
MR     .....                    (no boots)
Stlth  ..........               (no amulet)
                                (no ring)
                                (no ring)

@: agile, berserking, lethally poisoned (0 -> -12), very quick
A: mutation resistance 1
a: Berserk, Trog's Hand, Burn Spellbooks, Renounce Religion


You were on level 3 of the Dungeon.
You worshipped Trog.
Trog was pleased with you.
You were not hungry.

You visited 1 branch of the dungeon, and saw 3 of its levels.

You collected 92 gold pieces.

Inventory:

Hand Weapons
 a - a +1 short sword (weapon)
 d - a -2 dagger
Armour
 b - a +0 animal skin (worn)
 i - a +2 pair of gloves (worn)
Jewellery
 j - a +5 ring of protection {unknown}
Scrolls
 l - a scroll of fog {unknown}
 n - a scroll of remove curse
Potions
 g - a potion of flight {unknown}
 h - a potion of mutation {unknown}
 k - a potion of resistance {unknown}
 m - a potion of degeneration {unknown}
Comestibles
 c - 3 bread rations
 f - a meat ration


   Skills:
 - Level 2.6 Fighting
 + Level 6.8 Short Blades
 - Level 2.1 Armour
 - Level 2.1 Dodging


You had 4 spell levels left.
You didn't know any spells.

Dungeon Overview and Level Annotations

Branches:
Dungeon (3/15)

Altars:
Kikubaaqudgha


Innate Abilities, Weirdness & Mutations

You are small and have problems with some larger weapons.
You are somewhat resistant to further mutation.


Message History

The scorpion is heavily wounded.
* * * LOW HITPOINT WARNING * * *
You feel sick.
You barely miss the scorpion.
The scorpion is heavily wounded.
* * * LOW HITPOINT WARNING * * *
You feel sick. The scorpion stings you.
* * * LOW HITPOINT WARNING * * *
You closely miss the scorpion.
The scorpion is heavily wounded.
You barely miss the scorpion.
The scorpion is heavily wounded.
* * * LOW HITPOINT WARNING * * *
You feel sick. The scorpion barely misses you.
You puncture the scorpion!
You kill the scorpion!
Trog accepts your kill.
You have reached level 5!
You feel agile.
You die...

### ..# #.#
#.# #.#
##.## .
##...##
....#....†##
.........@<#
....#.....##
##.
##....... #
##.#####.#
#.# #.# #.#
#.#


There were no monsters in sight!

Vanquished Creatures
  A scorpion (D:3)
  An adder (D:2)
  2 oozes (D:2)
  3 worms (D:2)
  A dart slug (D:1)
  A leopard gecko (D:3)
  2 ball pythons
  5 bats
  A giant cockroach (D:2)
  10 goblins
  8 hobgoblins
  4 jackals (D:1)
  A frilled lizard (D:1)
  5 kobolds (D:1)
  7 rats
52 creatures vanquished.

Notes
Turn   | Place    | Note
-------+----------+-------------------------------------------
     0 | D:1      | truemonolith the Halfling Berserker began the quest for the Orb.
     0 | D:1      | Reached XP level 1. HP: 15/15 MP: 1/1
    47 | D:1      | Reached skill level 4 in Short Blades
    73 | D:1      | Reached XP level 2. HP: 10/20 MP: 2/2
   799 | D:1      | Reached XP level 3. HP: 17/25 MP: 3/3
   817 | D:1      | Reached skill level 5 in Short Blades
  1758 | D:1      | Reached ** piety under Trog
  2032 | D:2      | Found an ancient bone altar of Kikubaaqudgha.
  2291 | D:2      | Reached XP level 4. HP: 25/30 MP: 4/4
  2524 | D:2      | Reached skill level 6 in Short Blades
  3100 | D:3      | HP: 2/45 [scorpion (4)]
  3103 | D:3      | Reached XP level 5. HP: 1/35 MP: 5/5
  3103 | D:3      | Succumbed to a scorpion's poison

Skill      XL: |  1  2  3  4 |
---------------+-------------+-----
Short Blades   | 4 5 6 |  6.8
Fighting       | |  2.6
Armour         | |  2.1
Dodging        | |  2.1

Action                   |  1- 3 |  4- 6 || total
-------------------------+-------+-------++-------
Melee: Short sword       |    27 |    56 ||    83
       Dagger            |   228 |       ||   228
Invok: Berserk           |     4 |     1 ||     5
  Use: Scroll            |     3 |       ||     3
       Potion            |       |     1 ||     1
 Stab: Sleeping          |     1 |     1 ||     2
  Eat: Chunk             |     4 |     1 ||     5
       Bread ration      |     1 |     1 ||     2
Armor: Animal skin       |    49 |     8 ||    57
Dodge: Dodged            |   172 |    25 ||   197
